 Dungeon Crawl Stone Soup version 0.25-a0-10-g2fe12d4386 (webtiles) character file.

Game seed: 8005597309605673327, levelgen mode: deterministic

4 Chiseanne the Magician (level 1, 0/13 HPs)
             Began as a Demonspawn Wizard on Oct 15, 2019.
             Slain by a giant cockroach (2 damage)
             ... on level 1 of the Dungeon.
             The game lasted 00:00:21 (431 turns).

Chiseanne the Magician (Demonspawn Wizard)           Turns: 431, Time: 00:00:21

Health: 0/13       AC:  2    Str:  7    XL:     1   Next: 58%
Magic:  3/4        EV: 12    Int: 19    God:
Gold:   0          SH:  0    Dex: 11    Spells: 5/6 levels left

rFire    . . .     SeeInvis .   (no weapon)
rCold    . . .     Gourm    .   (no shield)
rNeg     . . .     Faith    .   a - +0 robe
rPois    .         Spirit   .   b - +0 hat
rElec    .         Reflect  .   (no cloak)
rCorr    .         Harm     .   (no gloves)
MR       .....                  (no boots)
Stlth    ++........             (no amulet)
HPRegen  0.04/turn              (no ring)
MPRegen  0.09/turn              (no ring)

@: no status effects
A: no striking features
a: no special abilities


You were on level 1 of the Dungeon.
You were not hungry.

You visited 1 branch of the dungeon, and saw 1 of its levels.

Inventory:

Missiles
 c - 19 poisoned darts (quivered)
Armour
 a - a +0 robe (worn)
 b - a +0 hat (worn)
Scrolls
 f - a scroll of identify {unknown}
Potions
 e - a potion of curing {unknown}
Comestibles
 d - a ration


   Skills:
 - Level 1.7 Dodging
 - Level 1.7 Stealth
 * Level 3.1 Spellcasting
 * Level 1.3 Conjurations
   Level 1.0 Summonings
   Level 0.8 Translocations


You had 5 spell levels left.
You knew the following spells:

 Your Spells              Type           Power        Failure   Level  Hunger
a - Magic Dart            Conj           #...         9%          1    None

Your spell library contained the following spells:

 Spells                   Type           Power        Failure   Level  Hunger
 Blink                    Tloc           N/A          16%         2    ##.....
 Call Imp                 Summ           #.......     16%         2    ##.....
 Slow                     Hex            #.......     22%         2    ##.....
 Conjure Flame            Conj/Fire      #.......     34%         3    ###....
 Mephitic Cloud           Conj/Pois/Air  #.......     36%         3    ###....


Dungeon Overview and Level Annotations

Branches:
Dungeon (1/15)

Altars:


Message History

The giant cockroach closely misses you.
You hit the giant cockroach but do no damage.
The giant cockroach is almost dead.
The giant cockroach closely misses you.
You barely miss the giant cockroach.
The giant cockroach is almost dead.
The giant cockroach closely misses you.
You barely miss the giant cockroach.
The giant cockroach is almost dead.
The giant cockroach closely misses you.
The giant cockroach completely misses you.
Casting: Magic Dart (safe; 9% risk of failure)
Confirm with . or Enter, or press ? or * to list all spells.
Aiming: Magic Dart (safe; 9% risk of failure)
Press: ? - help, Shift-Dir - straight line, f/p - giant cockroach
Aim: a giant cockroach (almost dead, clinging)
The magic dart hits the giant cockroach but does no damage.
The giant cockroach is almost dead.
The giant cockroach bites you.
You die...

#......÷........#..
..
....##.........#.#...
.. #.........#.#
#.........#
#.######.## . #.#####
.# .##.#††...# .#
#..........##s##
#.##.#......@..#
#.#.........# .
#............. .#
#.....##+##### #.
#######


You could see a giant cockroach.

Vanquished Creatures
  A leopard gecko (D:1)
  4 rats (D:1)
5 creatures vanquished.

Notes
Turn   | Place    | Note
-------+----------+-------------------------------------------
     0 | D:1      | Chiseanne the Demonspawn Wizard began the quest for the
                  | Orb.
     0 | D:1      | Reached XP level 1. HP: 13/13 MP: 4/4
   431 | D:1      | Slain by a giant cockroach

Levels and vault maps discovered:
D:1:      mushboom_english_gardens, layout_basic, serial_forest,
          infiniplex_forest_straight_3, infiniplex_forest_clump_long,
          infiniplex_forest_straight_3, infiniplex_forest_straight_4,
          infiniplex_forest_clump_curved, infiniplex_forest_clump_C,
          infiniplex_forest_zigzag_2, minmay_split_cup_small

Action                   || total
-------------------------++-------
Melee: Unarmed           ||    59
 Cast: Magic Dart        ||    12
Armor: Robe              ||    10
Dodge: Dodged            ||    52

Table legend:
 A = Non-vault XP
 B = Vault XP
 C = Vault XP percentage of total XP
 D = Non-vault monster count
 E = Vault monster count
 F = Vault count percentage of total count
                 A         B        C        D         E       F
            +---------+---------+-------+---------+---------+-------
      Total |       7 |       0 |   0.0 |       5 |       0 |   0.0
            +---------+---------+-------+---------+---------+-------
        D:1 |       7 |       0 |   0.0 |       5 |       0 |   0.0
            +---------+---------+-------+---------+---------+-------
